 Dungeon Crawl Stone Soup version 0.19-a0-450-g98b348d (webtiles) character file.

8882 mistymad the Covert (level 11, -13/86 HPs)
             Began as a Vampire Enchanter on June 1, 2016.
             Was a Follower of Ashenzari.
             Mangled by a hill giant
             ... wielding a +0 giant spiked club
              (24 damage)
             ... on level 10 of the Dungeon.
             The game lasted 00:44:15 (14207 turns).

mistymad the Covert (Vampire Enchanter)            Turns: 14207, Time: 00:44:17

Health: -13/86     AC: 10    Str:  7    XL:     11   Next: 15%
Magic:  2/19       EV: 17    Int: 18    God:    Ashenzari [*.....]
Gold:   756        SH:  0    Dex: 18    Spells: 6 memorised, 9 levels left

rFire  . . .     SeeInvis +     x - +0 dagger (venom)
rCold  + . .     Gourm    .     b - +1 robe
rNeg   + + .     Faith    .     (no shield)
rPois  +         Spirit   .     l - +0 helmet
rElec  .         Dismiss  .     I - +1 cloak
rCorr  +         Reflect  .     (no gloves)
SustAt .         Harm     .     y - +2 pair of boots (curse)
MR     +....                    (no amulet)
Stlth  ++++++....               n - +1 ring of protection
                                u - ring of resist corrosion

@: regenerating slowly, somewhat resistant to hostile enchantments, very
stealthy
A: fangs 3, see invisible, low mp 1, unbreathing, subdued magic 1
a: Bat Form, Curse Item, Scrying, Renounce Religion


You were on level 10 of the Dungeon.
You worshipped Ashenzari.
Ashenzari was aware of your devotion.
You were very thirsty.

You visited 2 branches of the dungeon, and saw 11 of its levels.
You also visited: Ossuary.

You collected 756 gold pieces.

Inventory:

Hand Weapons
 j - a +0 dagger of protection
 x - a +0 dagger of venom (weapon)
Missiles
 H - a throwing net (quivered)
Armour
 b - a +1 robe (worn)
 l - a +0 helmet (worn)
 y - a cursed +2 pair of boots (worn)
 I - a +1 cloak (worn)
Jewellery
 n - a +1 ring of protection (right hand)
 u - a ring of resist corrosion (left hand)
 C - a +4 ring of intelligence
 F - a +4 ring of strength
Wands
 k - a wand of flame (26/48)
 q - a wand of teleportation (3/9)
 K - a wand of flame (14/48)
Scrolls
 a - 2 scrolls of noise {unknown}
 e - 9 scrolls of teleportation
 f - 2 scrolls of recharging {unknown}
 g - 7 scrolls of immolation {unknown}
 i - 9 scrolls of identify {unknown}
 p - 3 scrolls of magic mapping {unknown}
 s - a scroll of enchant weapon {unknown}
 v - a scroll of fog {unknown}
 w - a scroll of random uselessness {unknown}
 B - 2 scrolls of remove curse
 D - a scroll of blinking {unknown}
 G - 2 scrolls of enchant armour {unknown}
 L - a scroll of torment {unknown}
Potions
 d - 9 potions of blood
 h - 6 potions of degeneration
 m - a potion of flight
 o - 2 potions of agility
 r - a potion of brilliance
 A - 2 potions of might {unknown}
 J - 3 potions of heal wounds
Books
 c - a book of Maledictions

   Spells                             Type                      Level
   a - Corona                         Hexes                        1
   b - Ensorcelled Hibernation        Hexes/Ice                    2
   c - Confuse                        Hexes                        3
   d - Tukima's Dance                 Hexes                        3
   e - Dazzling Spray                 Conjuration/Hexes            3
 z - a book of Enchantments

   Spells                             Type                      Level
   a - Cause Fear                     Hexes                        4
   b - Yara's Violent Unravelling     Hexes/Transmutation          5
   c - Silence                        Hexes/Air                    5
   d - Deflect Missiles               Charms/Air                   6
   e - Haste                          Charms                       6
   f - Discord                        Hexes                        8
 E - a Young Poisoner's Handbook

   Spells                             Type                      Level
   a - Sting                          Conjuration/Poison           1
   b - Cure Poison                    Poison                       2
   c - Mephitic Cloud                 Conjuration/Poison/Air       3
   d - Olgreb's Toxic Radiance        Poison                       4
   e - Venom Bolt                     Conjuration/Poison           5


   Skills:
 * Level 8.1 Fighting
 + Level 7.6 Short Blades
 + Level 7.2 Dodging
 + Level 10.9 Stealth
 + Level 6.8 Spellcasting
 + Level 10.4 Hexes


You had 9 spell levels left.
You knew the following spells:

 Your Spells              Type           Power        Failure   Level  Hunger
a - Corona                Hex            ####...      1%          1    None
b - Ensorcelled Hibernat  Hex/Ice        ###...       1%          2    None
c - Confuse               Hex            ####....     1%          3    ##.....
d - Tukima's Dance        Hex            ####....     1%          3    ##.....
e - Dazzling Spray        Conj/Hex       ###...       3%          3    ##.....
f - Cure Poison           Pois           #.........   14%         2    None


Dungeon Overview and Level Annotations

Branches:
Dungeon (10/15)            Temple (1/1) D:5            Lair (0/8) D:8
    Orc: D:9-12

Altars:
Ashenzari
Cheibriados
Dithmenos
Elyvilon
Fedhas
Gozag
Hepliaklqana
Kikubaaqudgha
Makhleb
Nemelex Xobeh
Okawaru
Pakellas
Qazlal
Ru
Sif Muna
Trog
Uskayaw
Vehumet
Xom
Yredelemnul
Zin
The Shining One

Annotations:
D:8 exclusion: statue


Innate Abilities, Weirdness & Mutations

You heal slowly.
You have razor-sharp teeth.
You have supernaturally acute eyesight. (SInv)
You can survive without breathing.
Your magical capacity is low. (-10% MP)
Your spells are a little easier to cast, but a little less powerful.


Message History

Casting: Confuse
Confirm with . or Enter, or press ? or * to list all spells.
Aiming: Confuse
Press: ? - help, Shift-Dir - straight line, f - centaur zombie
Aim: a centaur zombie (chance to defeat MR: 67%)
The centaur zombie appears confused.
You now have 0/19 mp.
You are too injured to fight recklessly!
You hit the centaur zombie.
You bite the centaur zombie, but do no damage.
You catch the helpless centaur zombie completely off-guard!
You impale the centaur zombie!! The centaur zombie closely misses you.
You hit the centaur zombie but do no damage.
You hit the centaur zombie but do no damage.
The centaur zombie closely misses you.
The slime creature hits the centaur zombie!
The centaur zombie hits the slime creature.
The centaur zombie misses you.
The hill giant hits you with a giant spiked club!!
You die...

#^# #... #### ##### ##..#
## #...# ### ... #.#.#
.... ..# #.#.# ##..####
#.###.#.#
........##...#.#.#
#..#..#....#...#@#######
.#..#..#...#...C.#.....##
..#..#...$...Z..........##
#..#..#...........J......#
.#..#..#........$........#
........!................#
...!.....................#
..$##....................#
. ##.....<<............#


You could see a slime creature (confused), a hill giant and a centaur zombie
(confused).

Vanquished Creatures
  Urug (D:10)
  A hill giant (D:10)
  2 slime creatures (D:9)
  3 yaks (D:10)
  Sigmund (D:2)
  2 wyverns
  3 hungry ghosts
  3 vampire mosquitoes (D:9)
  A hippogriff (D:10)
  2 water moccasins
  4 orc warriors
  3 sky beasts
  3 ice beasts
  3 eyes of draining (D:5)
  3 ogres
  6 centaurs
  A big kobold (D:8)
  10 giant frogs
  A water moccasin zombie (D:5)
  2 wyvern zombies
  2 scorpions
  3 jellies
  12 wights
  A howler monkey (D:4)
  An electric eel (D:7)
  A lava snake (D:7)
  4 crimson imps
  A giant frog zombie (D:5)
  A quasit (D:7)
  A centaur zombie (Ossuary)
  7 hounds
  A centaur skeleton (D:8)
  6 orc priests
  Terence (D:3)
  11 worker ants
  4 iguanas
  9 orc wizards
  A worker ant zombie (D:9)
  Robin (D:2)
  4 gnolls
  A howler monkey zombie (D:10)
  19 adders
  2 howler monkey skeletons
  6 river rats (D:8)
  A shadow imp (D:9)
  3 oozes
  2 adder zombies
  3 worms
  3 dart slugs
  5 giant geckos
  46 orcs
  A ball python (D:3)
  22 bats
  11 giant cockroaches
  16 goblins
  13 hobgoblins
  7 jackals
  5 quokkas
  A giant gecko zombie (D:6)
  5 giant newts
  6 hobgoblin zombies (Ossuary)
  A jackal zombie (Ossuary)
  10 kobolds
  7 kobold zombies (Ossuary)
  9 orc zombies (Ossuary)
  18 rats
350 creatures vanquished.

Vanquished Creatures (collateral kills)
  An ogre (D:8)
1 creature vanquished.

Vanquished Creatures (others)
  8 fungi (D:8)
8 creatures vanquished.

Grand Total: 359 creatures vanquished

Notes
Turn   | Place    | Note
--------------------------------------------------------------
     0 | D:1      | mistymad the Vampire Enchanter began the quest for the Orb.
     0 | D:1      | Reached XP level 1. HP: 13/13 MP: 3/3
   194 | D:1      | Reached XP level 2. HP: 8/20 MP: 3/5
   424 | D:1      | Learned a level 2 spell: Ensorcelled Hibernation
   441 | D:1      | Reached skill level 1 in Fighting
  1048 | D:1      | Reached XP level 3. HP: 24/26 MP: 6/6
  1564 | D:2      | Reached skill level 5 in Stealth
  1689 | D:2      | Noticed Robin
  1718 | D:2      | Killed Robin
  1718 | D:2      | Reached XP level 4. HP: 28/32 MP: 4/7
  2164 | D:2      | Found an oddly glowing altar of Pakellas.
  2373 | D:2      | Reached skill level 5 in Hexes
  2395 | D:2      | Learned a level 3 spell: Confuse
  2642 | D:2      | Noticed Sigmund
  2663 | D:2      | Killed Sigmund
  2663 | D:2      | Reached XP level 5. HP: 37/40 MP: 5/8
  2663 | D:2      | Reached XP level 6. HP: 43/46 MP: 5/9
  3161 | D:3      | Noticed Terence
  3169 | D:3      | Killed Terence
  3186 | D:3      | Learned a level 3 spell: Tukima's Dance
  3399 | D:3      | Found a shattered altar of Ashenzari.
  3488 | D:3      | Became a worshipper of Ashenzari the Shackled
  4264 | D:4      | Found a sacrificial altar of Ru.
  4291 | D:4      | Noticed a wyvern
  4308 | D:4      | Killed a wyvern
  4308 | D:4      | Reached XP level 7. HP: 52/52 MP: 8/11
  5216 | D:4      | Found an iron altar of Okawaru.
  5305 | D:5      | Entered Level 5 of the Dungeon
  5339 | D:5      | Reached XP level 8. HP: 60/60 MP: 8/13
  5772 | D:5      | Found a staircase to the Ecumenical Temple.
  5846 | Temple   | Entered the Ecumenical Temple
  6032 | D:5      | Found an ancient bone altar of Kikubaaqudgha.
  6048 | D:5      | Found a bloodstained altar of Trog.
  6120 | D:5      | Reached skill level 5 in Fighting
  6369 | D:5      | Reached skill level 5 in Short Blades
  6602 | D:6      | Learned a level 3 spell: Dazzling Spray
  6636 | D:6      | Found a sand-covered staircase.
  6681 | D:6      | Reached XP level 9. HP: 68/68 MP: 7/15
  6735 | Ossuary  | Entered an ossuary
  7144 | Ossuary  | Gained mutation: Your magical capacity is low. (-10% MP) [potion of mutation]
  7144 | Ossuary  | Gained mutation: Your spells are a little easier to cast, but a little less powerful. [potion of mutation]
  7463 | D:6      | Reached skill level 5 in Dodging
  8352 | D:7      | Learned a level 2 spell: Cure Poison
  8530 | D:7      | Found a hazy altar of Hepliaklqana.
  8648 | D:7      | Reached skill level 5 in Spellcasting
  9397 | D:7      | Found a stormy altar of Qazlal.
  9498 | D:7      | Reached * piety under Ashenzari
  9549 | D:7      | Found a sparkling altar of Nemelex Xobeh.
  9653 | D:8      | Found a hide-covered altar of Uskayaw.
  9982 | D:8      | Reached XP level 10. HP: 42/77 MP: 12/16
 10216 | D:8      | Found a radiant altar of Vehumet.
 10669 | D:8      | Found a burning altar of Makhleb.
 11516 | D:8      | Found a staircase to the Lair.
 11678 | D:9      | Found a snail-covered altar of Cheibriados.
 11739 | D:9      | Found a glowing golden altar of the Shining One.
 11760 | D:9      | Reached skill level 10 in Stealth
 12003 | D:9      | Found a white marble altar of Elyvilon.
 12583 | D:10     | Entered Level 10 of the Dungeon
 12843 | D:10     | Noticed a hill giant
 12850 | D:10     | Reached skill level 10 in Hexes
 12876 | D:10     | Noticed Urug
 13696 | D:10     | Noticed a hill giant
 13734 | D:10     | Killed a hill giant
 13734 | D:10     | Reached XP level 11. HP: 86/86 MP: 4/18
 14099 | D:10     | Killed Urug
 14207 | D:10     | Mangled by a hill giant

Vault maps used:
D:1:      dpeg_arrival_round_c, minmay_vboxes
D:2:      lemuel_doored_altar, first_bread, uniq_sigmund, uniq_robin
D:3:      cheibrodos_ashenzari_chains, dk_noncrumbling_3, uniq_terence
D:4:      okawaru_altar_gauntlet_db, nicolae_ru_the_path_less_chosen
D:5:      trog_eyes_of_draining, lemuel_crystal_altar, minmay_temple_entry_trees
D:6:      nicolae_ossuary_entry_ruins, grunt_ministairs_1
D:7:      nicolae_qazlal_eye_of_the_storm, nicolae_overflow_hidden_temple,
          marbit_many_paths, nicolae_lava_and_water, minmay_crystal_water
D:8:      old_standard_altar, lemuel_round_altar, vehumet_statue,
          grunt_lair_entry_orc_guard_hut, blue_anna_alchemist, st_stairs_7
D:9:      slow_altar_1, kennysheep_little_box, nicolae_overflow_crystal_walls
D:10:     minmay_misc_feat_diagonals, minmay_variable_closet,
          kennysheep_pointless_box, uniq_urug
Temple:   nicolae_temple_great_sept
Ossuary:  ossuary_tomb_1

Skill      XL: |  1  2  3  4  5  6  7  8  9 10 |
---------------+-------------------------------+-----
Fighting       | 1 2 3 4 5 6 8 |  8.1
Stealth        | 5 6 7 8 9 10 | 10.9
Short Blades   | 2 3 4 5 6 7 |  7.6
Hexes          | 5 6 7 8 10 | 10.4
Dodging        | 3 4 5 7 |  7.2
Spellcasting   | 3 4 5 6 |  6.8

Action                   |  1- 3 |  4- 6 |  7- 9 | 10-12 || total
-------------------------+-------+-------+-------+-------++-------
Melee: Dagger            |   166 |   280 |   740 |   513 ||  1699
       Bite              |    14 |    29 |    84 |    70 ||   197
 Cast: Corona            |     5 |     1 |       |       ||     6
       Ensorcelled Hiber |     5 |    18 |     8 |     5 ||    36
       Confuse           |       |     6 |    75 |    87 ||   168
       Tukima's Dance    |       |     1 |       |     3 ||     4
       Cure Poison       |       |       |       |     2 ||     2
       Dazzling Spray    |       |       |       |     1 ||     1
Invok: Curse Item        |       |       |     1 |       ||     1
Evoke: Wand              |       |       |       |     5 ||     5
  Use: Potion            |     1 |     2 |    23 |     9 ||    35
       Scroll            |       |       |     1 |       ||     1
 Stab: Sleeping          |    18 |    23 |    27 |    12 ||    80
       Confused          |       |     5 |    37 |    40 ||    82
       Distracted        |       |     1 |       |     2 ||     3
       Invisible         |       |       |       |     1 ||     1
Armor: Robe              |    38 |    66 |   125 |   120 ||   349
Dodge: Dodged            |    98 |   154 |   398 |   402 ||  1052
